 Dungeon Crawl Stone Soup version 0.21.1-1-g345015fe64 (webtiles) character file.

66584 Kejsarherre the Brawler (level 14, 0/114 HPs)
             Began as a Demonspawn Wanderer on May 4, 2018.
             Was a Follower of Uskayaw.
             Slain by a five-headed hydra (3 damage)
             ... on level 14 of the Dungeon.
             The game lasted 02:10:39 (26022 turns).

Kejsarherre the Brawler (Demonspawn Wanderer)      Turns: 26022, Time: 02:10:40

Health: 0/114      AC:  5    Str: 17    XL:     14   Next: 79%
Magic:  21/21      EV: 17    Int: 12    God:    Uskayaw [*.....]
Gold:   1234       SH:  4    Dex: 15    Spells: 14/23 levels left

rFire    + + +     SeeInvis +     - Unarmed
rCold    + . .     Gourm    .   (no shield)
rNeg     + . .     Faith    .   h - +0 acid dragon scales
rPois    .         Spirit   .   (helmet unavailable)
rElec    +         Reflect  +   o - scarf {rC+ rF+}
rCorr    +         Harm     .   (no gloves)
MR       +++..     Clarity  +   (boots unavailable) Stlth ++........NoTele +
                                g - +4 amulet of reflection
HPRegen  0.29/turn              Y - ring of wizardry
MPRegen  0.17/turn              T - ring "Toerofeowk" {-Tele rElec rN+ MR++ Stlth+}

@: no status effects
A: antennae 3, claws 2, talons 3, clarity, deformed body, fire resistance 2,
powered by death 2
a: Stomp, Renounce Religion


You were on level 14 of the Dungeon.
You worshipped Uskayaw.
Uskayaw was aware of your devotion.
You were hungry.

You visited 3 branches of the dungeon, and saw 22 of its levels.
You also visited: Labyrinth and Ossuary.

You collected 1399 gold pieces.
You spent 165 gold pieces at shops.

Inventory:

Armour
 d - a +1 ring mail of poison resistance
 h - +0 acid dragon scales (worn)
 o - a scarf of resistance (worn)
Magical Staves
 a - an uncursed staff of wizardry
 k - an uncursed staff of fire
 F - an uncursed staff of cold
 Q - an uncursed staff of air
Jewellery
 g - a +4 amulet of reflection (around neck)
 i - an uncursed ring of resist corrosion
 y - a +6 ring of intelligence
 L - an uncursed amulet of guardian spirit
 M - a +4 ring of protection
 O - an uncursed ring of flight
 P - an uncursed amulet of rage
 T - the ring "Toerofeowk" (right claw) {-Tele rElec rN+ MR++ Stlth+}
   (You found it on level 13 of the Dungeon)

   [ring of stealth]

   It insulates you from electricity.
   It protects you from negative energy.
   It affects your resistance to hostile enchantments.
   It prevents most forms of teleportation.
   It makes you more stealthy.
 W - an uncursed ring of protection from fire
 Y - a ring of wizardry (left claw)
Wands
 e - a wand of polymorph (17)
 v - a wand of scattershot (8)
 z - a wand of disintegration (10)
 J - a wand of digging (12)
Scrolls
 b - 3 scrolls of fog
 m - 4 scrolls of magic mapping
 n - 5 scrolls of teleportation
 q - 8 scrolls of remove curse
 r - 3 scrolls of blinking
 s - 5 scrolls of amnesia
 w - 2 scrolls of enchant armour
 x - a scroll of vulnerability
 N - 5 scrolls of identify
Potions
 j - 2 potions of haste
 l - 5 potions of curing
 p - 2 potions of invisibility
 D - 2 potions of cancellation
 E - a potion of resistance
 G - 4 potions of magic
 H - 2 potions of brilliance
 I - 3 potions of flight
 K - a potion of berserk rage
 S - a potion of might
 V - a potion of agility
Books
 c - a book of Debilitation

   Spells                             Type                      Level
   a - Corona                         Hexes                        1
   b - Slow                           Hexes                        2
   c - Inner Flame                    Hexes/Fire                   3
   d - Portal Projectile              Hexes/Translocation          3
   e - Cause Fear                     Hexes                        4
   f - Leda's Liquefaction            Hexes/Earth                  4
 t - a book of Transfigurations

   Spells                             Type                      Level
   a - Irradiate                      Conjuration/Transmutation    5
   b - Statue Form                    Transmutation/Earth          6
   c - Hydra Form                     Transmutation                6
   d - Dragon Form                    Transmutation                7
 C - a book of Maledictions

   Spells                             Type                      Level
   a - Corona                         Hexes                        1
   b - Ensorcelled Hibernation        Hexes/Ice                    2
   c - Confuse                        Hexes                        3
   d - Tukima's Dance                 Hexes                        3
   e - Dazzling Spray                 Conjuration/Hexes            3
 R - a book of Frost

   Spells                             Type                      Level
   a - Freeze                         Ice                          1
   b - Throw Frost                    Conjuration/Ice              2
   c - Ozocubu's Armour               Charms/Ice                   3
   d - Throw Icicle                   Conjuration/Ice              4
   e - Summon Ice Beast               Ice/Summoning                4
 U - a book of Necromancy

   Spells                             Type                      Level
   a - Pain                           Necromancy                   1
   b - Animate Skeleton               Necromancy                   1
   c - Vampiric Draining              Necromancy                   3
   d - Regeneration                   Charms/Necromancy            3
   e - Animate Dead                   Necromancy                   4
   f - Borgnjor's Vile Clutch         Necromancy/Earth             5
 X - a book of the Tempests

   Spells                             Type                      Level
   a - Static Discharge               Conjuration/Air              3
   b - Lightning Bolt                 Conjuration/Air              5
   c - Ignition                       Fire                         8
   d - Tornado                        Air                          9
   e - Shatter                        Earth                        9
 Z - a book of Cantrips

   Spells                             Type                      Level
   a - Confusing Touch                Hexes                        1
   b - Animate Skeleton               Necromancy                   1
   c - Summon Small Mammal            Summoning                    1
   d - Apportation                    Translocation                1
Comestibles
 f - 32 rations


   Skills:
 * Level 11.9 Fighting
   Level 1.7 Bows
 - Level 8.8 Armour
 - Level 8.1 Dodging
 - Level 15.1 Unarmed Combat
 - Level 5.2 Spellcasting
 - Level 5.2 Transmutations
 - Level 9.7 Invocations
 - Level 2.0 Evocations


You had 14 spell levels left.
You knew the following spells:

 Your Spells              Type           Power        Failure   Level  Hunger
a - Hydra Form            Tmut           ###.......   83%         6    #######
b - Regeneration          Chrm/Necr      #.........   28%         3    ###....


Dungeon Overview and Level Annotations

Branches:
Dungeon (15/15)            Temple (1/1) D:6            Lair (6/6) D:8
  Swamp (0/4) Lair:4        Snake (0/4) Lair:4        Slime (0/5) Lair:5
    Orc (0/2) D:11         Vaults (0/5) D:14
 Depths: D:15

Altars:
Ashenzari
Cheibriados
Dithmenos
Elyvilon
Fedhas
Gozag
Hepliaklqana
Kikubaaqudgha
Makhleb
Nemelex Xobeh
Okawaru
Qazlal
Ru
Sif Muna
Trog
Uskayaw
Vehumet
Wu Jian
Xom
Yredelemnul
Zin
The Shining One
Jiyva

Shops:
D:5 [::}

Annotations:
Lair:5 exclusion: oklob plant


Innate Abilities, Weirdness & Mutations

You have a pair of large antennae on your head. (SInv)
You have very sharp fingernails.
You have claws for feet.
Your flesh is very heat resistant. (rF++)
You regenerate health from kills.
You possess an exceptional clarity of mind.
Armour fits poorly on your strangely shaped body.


Message History

You mangle the five-headed hydra!! You claw the five-headed hydra!
The five-headed hydra is heavily wounded.
The five-headed hydra bites you but does no damage.
The five-headed hydra bites you. The five-headed hydra bites you!
* * * LOW HITPOINT WARNING * * *
The five-headed hydra bites you!
* * * LOW HITPOINT WARNING * * *
The five-headed hydra bites you!
* * * LOW HITPOINT WARNING * * *
Okay, then.
Okay, then.
As you read the scroll of fear, it crumbles to dust.
You assume a fearsome visage.
The five-headed hydra resists with almost no effort.
The five-headed hydra bites you.
* * * LOW HITPOINT WARNING * * *
The five-headed hydra bites you.
* * * LOW HITPOINT WARNING * * *
The five-headed hydra bites you.
You die...

#................)#......#.
#...##..##..###..##'######.
#...##'########..##...####.
#..........................
#....>...............[.....
#....[.....................
#....##.########'#########+
#...[##.##...##......###...
#........D@................
#..........................
#..........................
#....##########......##....
#....##......##......##....
#....'........#.......#....
#....##.......#.......'....
#<...##.......#......##....
#....รท........#......######


You could see a five-headed hydra.

Vanquished Creatures
  Gastronok (D:8)
  Nessos (Lair:5)
  A dire elephant (Lair:5)
  A minotaur (Lab)
  A vault guard (D:14)
  Erica (D:8)
  7 hydras
  A merfolk avatar (Lair:6)
  4 two-headed ogres
  3 centaur warriors (D:14)
  A queen ant (D:10)
  A tengu warrior (D:14)
  The ghost of Mrkan the Basher, a novice GrFi of Zin (D:9)
  2 sea snakes (Lair:6)
  A wizard (D:14)
  An orc knight (D:14)
  The ghost of Nattfarinn the Charmwright, a novice GnSk of Ashenzari (D:8)
  A cyclops (D:11)
  2 manticores
  A faun (D:14)
  15 elephants
  2 centaur skeletons
  Joseph (D:7)
  Psyche (D:10)
  10 spiny frogs
  A gargoyle (D:13)
  2 rime drakes
  15 komodo dragons
  3 trolls
  7 polar bears
  Prince Ribbit (D:6)
  2 wind drakes (Lair:6)
  4 hornets
  12 hippogriffs
  2 slime creatures
  A shadow (D:11)
  42 yaks
  6 wyverns
  3 wraiths
  A spriggan (Lair:1)
  A fire bat (shapeshifter) (D:15)
  4 hungry ghosts
  A basilisk (Lair:4)
  20 soldier ants (D:10)
  3 nagas (Lair:4)
  5 large abominations (D:14)
  7 small abominations (D:14)
  12 water moccasins
  4 acid dragons
  9 porcupines
  Duvessa (D:6)
  6 orc warriors
  4 sky beasts
  A swamp drake (D:11)
  An eye of draining (shapeshifter) (D:15)
  6 ice beasts
  2 necrophages
  6 ogres
  3 wolves
  3 centaurs
  15 crocodiles
  2 big kobolds (D:10)
  9 bullfrogs
  A gnoll sergeant (D:8)
  Dowan (D:6)
  4 scorpions
  A wyvern skeleton (D:10)
  17 killer bees
  4 electric eels
  2 howler monkeys
  12 wights
  7 jellies
  4 crimson imps
  5 bullfrog zombies
  2 quasits
  3 centaur zombies
  2 bullfrog skeletons
  6 hounds
  12 orc priests
  11 orc wizards
  15 mummies (Ossuary)
  Terence (D:2)
  3 iguanas
  27 worker ants
  3 hound zombies
  2 hound skeletons
  3 worker ant zombies
  A howler monkey zombie (Ossuary)
  3 gnolls (D:8)
  10 adders
  3 shadow imps
  An adder zombie (D:5)
  2 adder skeletons (D:4)
  2 worms (D:3)
  2 dart slugs (D:2)
  45 orcs
  10 bats
  4 giant cockroaches
  7 goblins
  4 hobgoblins
  2 jackals (D:5)
  8 quokkas
  2 ball pythons
  A frilled lizard (D:1)
  A giant cockroach zombie (Ossuary)
  A jackal skeleton (D:5)
  2 jackal zombies
  20 kobolds
  A leopard gecko zombie (D:6)
  4 rats
  2 fungi
  A plant (D:8)
576 creatures vanquished.

Vanquished Creatures (others)
  A killer bee (D:7)
  23 fungi
  31 plants
  A withered plant (Ossuary)
56 creatures vanquished.

Grand Total: 632 creatures vanquished

Notes
Turn   | Place    | Note
-------+----------+-------------------------------------------
     0 | D:1      | Kejsarherre the Demonspawn Wanderer began the quest for the Orb.
     0 | D:1      | Kejsarherre set off with: a potion of haste, a potion of heal wounds, a potion of lignification, a +0 ring mail, a +0 club, a ration
     0 | D:1      | Reached XP level 1. HP: 15/15 MP: 2/2
   319 | D:1      | Gained mutation: You have sharp fingernails. [demonic ancestry]
   319 | D:1      | Reached XP level 2. HP: 17/22 MP: 3/3
   700 | D:1      | Reached skill level 2 in Unarmed Combat
  1320 | D:2      | Reached XP level 3. HP: 27/27 MP: 4/4
  1517 | D:2      | Reached skill level 3 in Unarmed Combat
  1911 | D:3      | Noticed Terence
  2004 | D:2      | Killed Terence
  2004 | D:2      | Gained mutation: You have sharp toenails. [demonic ancestry]
  2004 | D:2      | Reached XP level 4. HP: 33/33 MP: 5/5
  2319 | D:3      | Reached skill level 4 in Unarmed Combat
  2473 | D:3      | Gained mutation: You have very sharp fingernails. [demonic ancestry]
  2473 | D:3      | Reached XP level 5. HP: 38/38 MP: 6/6
  2954 | D:3      | Found a stormy altar of Qazlal.
  3345 | D:4      | Found a sparkling altar of Nemelex Xobeh.
  4064 | D:5      | Entered Level 5 of the Dungeon
  4180 | D:5      | Reached skill level 5 in Unarmed Combat
  4180 | D:5      | Gained mutation: Your flesh is heat resistant. (rF+) [demonic ancestry]
  4180 | D:5      | Reached XP level 6. HP: 43/47 MP: 7/7
  4199 | D:5      | Noticed a yak
  4200 | D:5      | Noticed a yak
  4209 | D:5      | Noticed a yak
  4211 | D:5      | Noticed a yak
  4211 | D:5      | Noticed a yak
  4297 | D:4      | Killed a yak
  4420 | D:5      | Gained mutation: You regenerate a little health from kills. [demonic ancestry]
  4420 | D:5      | Reached XP level 7. HP: 41/54 MP: 8/8
  4561 | D:5      | Found Jaluelugyts's Book Emporium.
  4584 | D:5      | Reached skill level 6 in Unarmed Combat
  4672 | D:5      | Killed a yak
  4672 | D:5      | Reached skill level 5 in Fighting
  4676 | D:5      | Killed a yak
  4676 | D:5      | Gained mutation: You have razor-sharp toenails. [demonic ancestry]
  4676 | D:5      | Reached XP level 8. HP: 64/64 MP: 9/9
  4703 | D:5      | Reached skill level 7 in Unarmed Combat
  5056 | D:5      | Found Ugeneal's Book Shop.
  5060 | D:5      | Found Iruifiamo's Gadget Emporium.
  5116 | D:5      | Found Tiraoma's Antique Armour Shoppe.
  5125 | D:5      | Bought a shiny chain mail for 165 gold pieces
  5618 | D:6      | Found a snail-covered altar of Cheibriados.
  5628 | D:6      | Noticed Duvessa
  5640 | D:6      | Killed Duvessa
  5640 | D:6      | Reached skill level 8 in Unarmed Combat
  5643 | D:6      | Noticed Dowan
  5654 | D:6      | Killed Dowan
  5730 | D:6      | Gained mutation: You have a pair of small antennae on your head. [demonic ancestry]
  5730 | D:6      | Reached XP level 9. HP: 57/74 MP: 10/10
  5925 | D:6      | Found a glowing golden altar of the Shining One.
  5925 | D:6      | Found a hide-covered altar of Uskayaw.
  5941 | D:6      | Found a burning altar of Makhleb.
  5942 | D:6      | Found a radiant altar of Vehumet.
  6049 | D:6      | Found a staircase to the Ecumenical Temple.
  6050 | D:6      | Noticed Prince Ribbit
  6054 | D:6      | Killed Prince Ribbit
  6083 | Temple   | Entered the Ecumenical Temple
  6209 | D:6      | Became a worshipper of Uskayaw the Reveler
  6272 | D:6      | Reached * piety under Uskayaw
  6504 | D:7      | Reached ** piety under Uskayaw
  6505 | D:7      | Reached skill level 9 in Unarmed Combat
  6522 | D:7      | Reached *** piety under Uskayaw
  6562 | D:7      | Found a shimmering altar of Xom.
  6563 | D:7      | Found a shimmering altar of Xom.
  6564 | D:7      | Found a shimmering altar of Xom.
  6683 | D:7      | Noticed Joseph
  6691 | D:7      | Noticed a fire crab
  6691 | D:7      | an ice beast changed into a fire crab
  6702 | D:7      | Killed Joseph
  6702 | D:7      | a fire crab changed into a dream sheep
  6737 | D:7      | Found a sand-covered staircase.
  6754 | Ossuary  | Entered an ossuary
  6828 | Ossuary  | Reached skill level 1 in Invocations
  6878 | Ossuary  | Reached skill level 1 in Dodging
  7056 | D:7      | Noticed a swamp dragon
  7058 | D:7      | Noticed a salamander
  7058 | D:7      | a spriggan changed into a salamander
  7298 | D:7      | Gained mutation: Armour fits poorly on your strangely shaped body. [potion of mutation]
  7298 | D:7      | Gained mutation: Your flesh is very heat resistant. (rF++) [potion of mutation]
  7298 | D:7      | Gained mutation: You have claws for feet. [potion of mutation]
  7298 | D:7      | Gained mutation: You possess an exceptional clarity of mind. [potion of mutation]
  7319 | D:7      | Found an opulent altar of Gozag.
  7427 | D:7      | Reached XP level 10. HP: 60/83 MP: 4/12
  7801 | D:8      | Found an ornate altar of the Wu Jian Council.
  7817 | D:8      | Noticed Nattfarinn's ghost (novice GnSk)
  7856 | D:8      | Killed Nattfarinn's ghost
  7856 | D:8      | Reached **** piety under Uskayaw
  8186 | D:8      | Noticed Gastronok
  8208 | D:8      | Killed Gastronok
  8208 | D:8      | Reached skill level 5 in Armour
  8208 | D:8      | Reached skill level 10 in Unarmed Combat
  8250 | D:8      | Noticed Erica
  8286 | D:8      | Killed Erica
  8344 | D:8      | Found a snail-covered altar of Cheibriados.
  8391 | D:8      | Found a staircase to the Lair.
  8626 | D:8      | Reached XP level 11. HP: 86/89 MP: 14/16
  8640 | D:9      | Found a shattered altar of Ashenzari.
  8646 | D:9      | Noticed Mrkan's ghost (novice GrFi)
  8668 | D:9      | Killed Mrkan's ghost
  8759 | D:9      | Found a viscous altar of Jiyva.
  8991 | D:9      | Reached skill level 5 in Dodging
  9278 | D:9      | Found a basalt altar of Yredelemnul.
  9368 | D:9      | Found a white marble altar of Elyvilon.
  9409 | D:10     | Entered Level 10 of the Dungeon
  9542 | D:10     | Reached ***** piety under Uskayaw
  9808 | D:10     | Noticed a queen ant
  9823 | D:10     | Killed a queen ant
 10530 | D:10     | Noticed Psyche
 10541 | D:10     | Killed Psyche
 11222 | D:11     | Found a labyrinth entrance.
 11231 | Lab      | Entered a labyrinth
 11391 | Lab      | Noticed a minotaur
 11399 | Lab      | Killed a minotaur
 11399 | Lab      | Reached skill level 11 in Unarmed Combat
 11452 | Lab      | Got a warped leather armour
 11474 | Lab      | Identified the +2 leather armour "Fele" {Int+2} (You found it in a labyrinth)
 11588 | D:11     | Noticed a two-headed ogre
 11598 | D:11     | Killed a two-headed ogre
 11598 | D:11     | Gained mutation: You have a pair of antennae on your head. [demonic ancestry]
 11598 | D:11     | Reached XP level 12. HP: 95/95 MP: 19/19
 11833 | D:11     | Learned a level 6 spell: Hydra Form
 11942 | D:11     | Reached skill level 1 in Transmutations
 11943 | D:11     | Reached skill level 1 in Spellcasting
 12149 | D:11     | Found a staircase to the Orcish Mines.
 13074 | D:12     | Found a stormy altar of Qazlal.
 13412 | Lair:1   | Entered Level 1 of the Lair of Beasts
 13448 | D:8      | Identified a scroll of acquirement
 13541 | Lair:1   | Reached skill level 10 in Fighting
 14384 | Lair:1   | Noticed a seven-headed hydra
 14493 | Lair:1   | Killed a seven-headed hydra
 14525 | Lair:1   | Noticed an eight-headed hydra
 14539 | Lair:1   | Killed an eight-headed hydra
 15276 | Lair:2   | Noticed a death yak
 15277 | Lair:2   | Noticed a death yak
 15842 | Lair:2   | Reached skill level 5 in Transmutations
 15997 | Lair:2   | Reached skill level 5 in Spellcasting
 16018 | Lair:3   | Gained mutation: You have a pair of large antennae on your head. (SInv) [demonic ancestry]
 16018 | Lair:3   | Reached XP level 13. HP: 55/105 MP: 13/20
 17517 | Lair:3   | Reached skill level 12 in Unarmed Combat
 18367 | Lair:4   | Got a crystal quarterstaff
 18924 | Lair:4   | Found a staircase to the Snake Pit.
 19119 | Lair:4   | Found a staircase to the Swamp.
 19284 | Lair:5   | Noticed Nessos
 19297 | Lair:5   | Killed Nessos
 19397 | Lair:5   | Reached skill level 13 in Unarmed Combat
 19520 | Lair:5   | Found a staircase to the Slime Pits.
 19794 | Lair:5   | Noticed a dire elephant
 19837 | Lair:5   | Killed a dire elephant
 20514 | Lair:6   | Entered Level 6 of the Lair of Beasts
 20575 | Lair:6   | Reached skill level 14 in Unarmed Combat
 21282 | Lair:5   | Gained mutation: You regenerate health from kills. [demonic ancestry]
 21282 | Lair:5   | Reached XP level 14. HP: 111/111 MP: 21/21
 21423 | Lair:6   | Learned a level 3 spell: Regeneration
 22047 | Lair:6   | Reached skill level 15 in Unarmed Combat
 22835 | D:13     | Identified the +6 quarterstaff "Kamear" {distort, rF+ rN+} (You found it on level 4 of the Lair of Beasts)
 23044 | D:13     | Got a vibrating jade ring
 23214 | D:13     | Identified the ring "Toerofeowk" {-Tele rElec rN+ MR++ Stlth+} (You found it on level 13 of the Dungeon)
 24100 | D:14     | Reached ****** piety under Uskayaw
 24717 | D:14     | Found a gate to the Vaults.
 25297 | D:15     | Entered Level 15 of the Dungeon
 26022 | D:14     | HP: 3/114 [five-headed hydra (3)]
 26022 | D:14     | Slain by a five-headed hydra

Skill      XL: |  1  2  3  4  5  6  7  8  9 10 11 12 13 14 |
---------------+-------------------------------------------+-----
Unarmed Combat | 2 3 4 5 6 8 9 10 11 14 15 | 15.1
Fighting       | 2 3 4 5 7 9 10 11 | 11.9
Armour         | 3 5 7 8 |  8.8
Invocations    | 3 6 9 |  9.7
Dodging        | 2 4 6 8 |  8.1
Transmutations | 5 |  5.2
Spellcasting   | 5 |  5.2
Bows           | |  1.7
Evocations     | |  2.0

Action                   |  1- 3 |  4- 6 |  7- 9 | 10-12 | 13-15 || total
-------------------------+-------+-------+-------+-------+-------++-------
Melee: Club              |    21 |       |       |       |       ||    21
       Whip              |    20 |       |       |       |       ||    20
       Unarmed           |   117 |   110 |   293 |   788 |   751 ||  2059
       Punch             |     1 |     2 |    10 |    42 |    54 ||   109
       Kick              |       |    22 |    94 |   246 |   299 ||   661
 Fire: Hunting sling     |     7 |    54 |       |     1 |       ||    62
 Cast: Regeneration      |       |       |       |       |     2 ||     2
Invok: Stomp             |       |       |     6 |    30 |    14 ||    50
       Line Pass         |       |       |     3 |     7 |     1 ||    11
       Grand Finale      |       |       |       |     1 |     1 ||     2
Evoke: Wand              |       |       |     4 |    25 |    25 ||    54
  Use: Scroll            |     1 |       |    11 |    13 |     7 ||    32
       Potion            |     1 |     1 |     3 |     5 |     6 ||    16
 Stab: Paralysed         |       |       |     2 |    62 |    40 ||   104
       Confused          |       |       |     2 |     6 |       ||     8
       Invisible         |       |       |       |     1 |       ||     1
  Eat: Chunk             |     3 |     5 |     3 |    28 |    24 ||    63
       Ration            |       |     1 |     5 |     2 |     4 ||    12
Armor: Ring mail         |    73 |    40 |    20 |   168 |   152 ||   453
       Skin              |     2 |       |     1 |    11 |       ||    14
       Chain mail        |       |       |    60 |       |       ||    60
       Acid dragon scale |       |       |       |       |    15 ||    15
Dodge: Dodged            |    93 |    69 |    69 |   351 |   368 ||   950
Block: Other             |    15 |    16 |    26 |   112 |   103 ||   272
       Reflection        |     1 |       |     1 |     3 |     3 ||     8
